 Dungeon Crawl Stone Soup version 0.26-a0-642-g67e9924 (webtiles) character file.

Game seed: 15072879343006202916

58 Crabhammer the Stinger (level 4, 0/37 HPs)
             Began as a Naga Venom Mage on Sept 23, 2020.
             Slain by an adder (4 damage)
             ... on level 2 of the Dungeon.
             The game lasted 00:04:34 (1439 turns).

Crabhammer the Stinger (Naga Venom Mage)            Turns: 1439, Time: 00:04:35

Health: 0/37       AC:  2    Str: 11    XL:     4   Next: 2%
Magic:  4/8        EV: 10    Int: 16    God:
Gold:   61         SH:  0    Dex: 11    Spells: 7/8 levels left

rFire    . . .     SeeInvis +   a - +0 dagger (elec)
rCold    . . .     Faith    .   (no shield)
rNeg     . . .     Spirit   .   h - +0 robe
rPois    +         Reflect  .   (no helmet)
rElec    .         Harm     .   (no cloak)
rCorr    .         Rampage  .   (no gloves)
MR       .....                  (no barding)
Stlth    ++........             (no amulet)
HPRegen  0.12/turn              (no ring)
MPRegen  0.11/turn              (no ring)

@: lethally poisoned (0 -> -9), very slow
A: large, see invisible, deformed body, poison resistance, slowness 2, spit
poison 1, AC +1
a: Spit Poison


You were on level 2 of the Dungeon.
You visited 1 branch of the dungeon, and saw 2 of its levels.

You collected 61 gold pieces.

Inventory:

Hand Weapons
 a - a +0 dagger of electrocution (weapon)
Armour
 h - a +0 robe (worn)
Jewellery
 c - an uncursed ring of stealth {unknown}
Scrolls
 d - 2 scrolls of remove curse {unknown}
 e - 2 scrolls of identify {unknown}
 f - a scroll of immolation {unknown}
 g - a scroll of fog {unknown}
 i - a scroll of amnesia {unknown}
Potions
 b - a potion of heal wounds {unknown}
 j - a potion of curing {unknown}


   Skills:
 + Level 0.4 Fighting
 + Level 2.0 Dodging
 - Level 3.0 Stealth
 + Level 2.7 Spellcasting
 + Level 1.1 Transmutations
 + Level 5.1 Poison Magic


You had 7 spell levels left.
You knew the following spells:

 Your Spells              Type           Power        Failure   Level
a - Sting                 Tmut/Pois      ##..         5%          1

Your spell library contained the following spells:

 Spells                   Type           Power        Failure   Level
 Poisonous Vapours        Pois/Air       ##....       10%         2
 Olgreb's Toxic Radiance  Pois           ###.....     22%         4
 Ignite Poison            Fire/Tmut/Pois #.......     24%         3
 Mephitic Cloud           Conj/Pois/Air  #.......     28%         3


Dungeon Overview and Level Annotations

Branches:
Dungeon (2/15)

Altars:


Innate Abilities, Weirdness & Mutations

You cannot wear boots.
Your serpentine skin is tough. (AC +1)
You have supernaturally acute eyesight. (SInv)
Armour fits poorly on your strangely shaped body.
Your system is resistant to poisons. (rPois)
You cover ground very slowly.
You can spit poison.


Message History

Aim: an adder (moderately wounded, poisoned)
The sting hits the adder.
The adder looks even sicker.
The adder is heavily wounded.
You feel sick. The adder closely misses you.
Casting: Sting (safe; 5% risk of failure)
Confirm with . or Enter, or press ? or * to list all spells.
Aiming: Sting (safe; 5% risk of failure)
Press: ? - help, Shift-Dir - straight line, f/p - adder
Aim: an adder (heavily wounded, very poisoned)
The sting misses the adder.
The adder bites you.
* * * LOW HITPOINT WARNING * * *
You are more poisoned.
The adder poisons you!
You closely miss the adder.
The adder is heavily wounded.
You feel sick. The adder bites you.
* * * LOW HITPOINT WARNING * * *
You are more poisoned.
The adder poisons you! The adder bites you.
You die...

#.#..#.........#
#######.#..#.#####.###
#..................#
#.#####......#######
#.# #.#.#.## #.#
#.#...# #.# #.#.#.##
#.#####.......
##.##.S@......).
#.....######.##..#
#......S†....# ..#
#.###.######.# .# #.
#.# #. #.# #. #.# #.
#.# ## #.# #.


You could see an adder (very poisoned).

Vanquished Creatures
  2 adders (D:2)
  2 worms (D:2)
  2 dart slugs
  3 leopard geckos
  2 giant cockroaches
  3 goblins
  A hobgoblin (D:2)
  A ball python (D:2)
  4 bats (D:1)
  A frilled lizard (D:2)
  4 kobolds
  5 rats
30 creatures vanquished.

Notes
Turn   | Place    | Note
-------+----------+-------------------------------------------
     0 | D:1      | Crabhammer the Naga Venom Mage began the quest for the Orb.
     0 | D:1      | Reached XP level 1. HP: 15/15 MP: 3/3
    84 | D:1      | Reached XP level 2. HP: 17/22 MP: 1/5
   967 | D:2      | Reached XP level 3. HP: 28/28 MP: 6/6
  1020 | D:2      | Reached skill level 5 in Poison Magic
  1074 | D:2      | Found a faded altar of an unknown god.
  1425 | D:2      | Reached XP level 4. HP: 22/37 MP: 6/8
  1439 | D:2      | Slain by an adder

Illustrated notes

Levels and vault maps discovered:
D:1:      lightli_arrival_chessboard, layout_basic, minmay_tripent
D:2:      layout_loops_ring, chequers_ecumenical_altar_simple

Skill      XL: |  1  2  3 |
---------------+----------+-----
Poison Magic   | 5 |  5.1
Dodging        | 2 |  2.0
Fighting       | |  0.4
Stealth        | |  3.0
Spellcasting   | |  2.7
Transmutations | |  1.1

Action                   |  1- 3 |  4- 6 || total
-------------------------+-------+-------++-------
Melee: Unarmed           |     4 |       ||     4
       Dagger            |    27 |     7 ||    34
 Cast: Sting             |    17 |     4 ||    21
 Abil: Spit Poison       |    20 |     1 ||    21
 Stab: Sleeping          |     5 |       ||     5
Armor: Robe              |     2 |     5 ||     7
Dodge: Dodged            |    14 |     5 ||    19

Table legend: (Time is in decaauts)
 A = Elapsed time spent in this place.
 B = Non-inter-level travel time spent in this place.
 C = Inter-level travel time spent in this place.
 D = Time resting spent in this place.
 E = Time spent auto-exploring this place.
 F = Levels seen in this place.
 G = Mean time per level.
                   A        B        C        D        E       F      G
               +--------+--------+--------+--------+--------+-----+--------+
         Total |   1721 |   1679 |     42 |    302 |   1050 |   2 |  860.5 |
       Dungeon |   1721 |   1679 |     42 |    302 |   1050 |   2 |  860.5 |
               +--------+--------+--------+--------+--------+-----+--------+

Top non-repeatable levels by time:
     D:1: 1100 daAuts
     D:2: 620 daAuts
